 Dungeon Crawl Stone Soup version 0.26-a0-612-gd4d190f45e (webtiles) character file.

Game seed: 1757560350027907834

36 DogServant the Vexing (level 3, 13/17 HPs)
             Began as a Spriggan Arcane Marksman on Sept 10, 2020.
             Quit the game on level 1 of the Dungeon.
             The game lasted 00:07:52 (552 turns).

DogServant the Vexing (Spriggan Arcane Marksman)     Turns: 552, Time: 00:07:52

Health: 13/17      AC:  2    Str:  7    XL:     3   Next: 19%
Magic:  7/7        EV: 19    Int: 14    God:
Gold:   0          SH:  0    Dex: 16    Spells: 5/6 levels left

rFire    . . .     SeeInvis +   b - +2 hand axe (venom)
rCold    . . .     Faith    .   (shield restricted)
rNeg     . . .     Spirit   .   e - +0 robe
rPois    .         Reflect  .   (helmet restricted)
rElec    .         Harm     .   (no cloak)
rCorr    .                      (gloves unavailable)
MR       .....                  (boots unavailable)
Stlth    +.........             (no amulet)
HPRegen  0.05/turn              (no ring)
MPRegen  0.10/turn              (no ring)

@: very quick
A: very small, unfitting armour, see invisible, speed 3
a: no special abilities


You were on level 1 of the Dungeon.
You visited 1 branch of the dungeon, and saw 1 of its levels.

Inventory:

Hand Weapons
 a - a +0 shortbow
 b - a +2 hand axe of venom (weapon)
 d - a +0 hand axe
Missiles
 h - 4 arrows
Armour
 e - a +0 robe (worn)
Scrolls
 f - a scroll of teleportation {unknown}
Potions
 c - a potion of lignification {unknown}
 g - a potion of brilliance {unknown}


   Skills:
 - Level 0.7 Fighting
 * Level 3.3 Bows
 + Level 3.6 Dodging
 + Level 2.1 Spellcasting
 + Level 4.0 Hexes


You had 5 spell levels left.
You knew the following spells:

 Your Spells              Type           Power        Failure   Level
a - Corona                Hex            ##.....      4%          1

Your spell library contained the following spells:

 Spells                   Type           Power        Failure   Level
 Slow                     Hex            ##......     7%          2
 Inner Flame              Hex/Fire       #.......     30%         3
 Portal Projectile        Hex/Tloc       #.....       30%         3
 Cause Fear               Hex            ##........   41%         4
 Leda's Liquefaction      Hex/Erth       #.........   71%         4


Dungeon Overview and Level Annotations

Branches:
Dungeon (1/15)

Altars:


Innate Abilities, Weirdness & Mutations

You are very small and have problems with some larger weapons.
You are too small for most types of armour.
You have supernaturally acute eyesight. (SInv)
You cover ground extremely quickly.


Message History

You barely miss the goblin. The goblin barely misses you.
You hit the goblin.
The goblin is poisoned.
The goblin is moderately wounded.
The goblin misses you.
You hit the goblin.
You kill the goblin!
h - 4 arrows (gained 2)
Things that are here:
a cursed +0 club; a +0 club; a bat corpse A goblin comes into view.
The goblin shouts!
You hear a shout!
You hit the goblin.
You kill the goblin!
A kobold comes into view. It is wielding a +0 dagger.
Things that are here:
a golden potion; 5 gold pieces A kobold is nearby!
A kobold is nearby!
Unknown command.
Are you sure you want to abandon this character and quit the game? (Confirm with "yes".)

#.(.....††..# .#
#........(..###.######
...(......(†##..$.....
...########)##........
... #.(......... .
#..(........
#...........
##.#........
#@.........
##......... ....######
.....# .....# .....>#
...# K..#


You could see a kobold.

Vanquished Creatures
  An ooze (D:1)
  3 dart slugs (D:1)
  5 bats (D:1)
  4 goblins (D:1)
  5 hobgoblins (D:1)
  2 jackals (D:1)
  A frilled lizard (D:1)
  A kobold (D:1)
  3 rats (D:1)
25 creatures vanquished.

Notes
Turn   | Place    | Note
-------+----------+-------------------------------------------
     0 | D:1      | DogServant the Spriggan Arcane Marksman began the quest for
                  | the Orb.
     0 | D:1      | Reached XP level 1. HP: 9/9 MP: 3/3
   256 | D:1      | Reached XP level 2. HP: 14/14 MP: 3/5
   388 | D:1      | Reached skill level 4 in Hexes
   388 | D:1      | Reached XP level 3. HP: 15/17 MP: 4/7
   552 | D:1      | Quit the game

Illustrated notes

Levels and vault maps discovered:
D:1:      evilmike_arrival_crescent, layout_basic

Skill      XL: |  1  2 |
---------------+-------+-----
Bows           | 3 |  3.3
Spellcasting   | 2 |  2.1
Hexes          | 4 |  4.0
Fighting       | |  0.7
Dodging        | |  3.6

Action                   || total
-------------------------++-------
Melee: Hand axe          ||    21
 Fire: Shortbow          ||    62
 Cast: Corona            ||    15
  Use: Potion            ||     1
Armor: Robe              ||    15
Dodge: Dodged            ||    62

Table legend: (Time is in decaauts)
 A = Elapsed time spent in this place.
 B = Non-inter-level travel time spent in this place.
 C = Inter-level travel time spent in this place.
 D = Time resting spent in this place.
 E = Time spent auto-exploring this place.
 F = Levels seen in this place.
 G = Mean time per level.
                   A        B        C        D        E       F      G
               +--------+--------+--------+--------+--------+-----+--------+
         Total |    467 |    467 |      0 |      0 |    246 |   1 |  467.0 |
       Dungeon |    467 |    467 |      0 |      0 |    246 |   1 |  467.0 |
               +--------+--------+--------+--------+--------+-----+--------+

Top non-repeatable levels by time:
     D:1: 467 daAuts
